 Dungeon Crawl Stone Soup version 0.25-a0-277-g7046ed1b37 (webtiles) character file.

Game seed: 18038013397130455444, levelgen mode: deterministic

388 MrRokkomies the Sneak (level 6, 0/28 HPs)
             Began as a Spriggan Venom Mage on Dec 9, 2019.
             Slain by an orc
             ... wielding a +0 trident
              (9 damage)
             ... on level 4 of the Dungeon.
             The game lasted 00:14:57 (3582 turns).

MrRokkomies the Sneak (Spriggan Venom Mage)         Turns: 3582, Time: 00:14:58

Health: 0/28       AC:  2    Str:  6    XL:     6   Next: 49%
Magic:  5/11       EV: 20    Int: 17    God:
Gold:   149        SH:  0    Dex: 16    Spells: 4/10 levels left

rFire    . . .     SeeInvis +   a - +1 dagger (venom)
rCold    . . .     Gourm    .   (shield restricted)
rNeg     . . .     Faith    .   f - +0 robe
rPois    .         Spirit   .   (helmet restricted)
rElec    .         Reflect  .   (no cloak)
rCorr    .         Harm     .   (gloves unavailable)
MR       +....                  (boots unavailable)
Stlth    +++.......             (no amulet)
HPRegen  0.09/turn              (no ring)
MPRegen  0.12/turn              (no ring)

@: very quick
A: very small, unfitting armour, see invisible, herbivore, speed 3, slow
metabolism 2
a: no special abilities


You were on level 4 of the Dungeon.
You were very hungry.

You visited 1 branch of the dungeon, and saw 4 of its levels.

You collected 149 gold pieces.

Inventory:

Hand Weapons
 a - a +1 dagger of venom (weapon)
 j - a +0 dagger of freezing
Missiles
 o - a throwing net (quivered)
Armour
 f - a +0 robe (worn)
Magical Staves
 b - an uncursed staff of energy
Wands
 m - a wand of digging (1)
Scrolls
 d - 2 scrolls of identify
 g - 2 scrolls of remove curse
 k - a scroll of teleportation
Potions
 e - a potion of heal wounds
 h - 2 potions of lignification
 p - a potion of agility
Comestibles
 c - 4 rations


   Skills:
 + Level 4.7 Dodging
 + Level 5.2 Stealth
 - Level 2.6 Spellcasting
 - Level 3.0 Transmutations
 * Level 2.9 Air Magic
 * Level 4.7 Poison Magic


You had 4 spell levels left.
You knew the following spells:

 Your Spells              Type           Power        Failure   Level  Hunger
a - Sting                 Tmut/Pois      ###.         3%          1    #......
b - Poisonous Vapours     Pois/Air       ###...       5%          2    ##.....
c - Mephitic Cloud        Conj/Pois/Air  ##......     19%         3    ###....

Your spell library contained the following spells:

 Spells                   Type           Power        Failure   Level  Hunger
 Ignite Poison            Fire/Tmut/Pois ##......     19%         3    ###....
 Olgreb's Toxic Radiance  Pois           ###.....     26%         4    #####..


Dungeon Overview and Level Annotations

Branches:
Dungeon (4/15)
 Temple: D:4-7

Altars:


Innate Abilities, Weirdness & Mutations

You are very small and have problems with some larger weapons.
You are too small for most types of armour.
You have supernaturally acute eyesight. (SInv)
You are a herbivore.
You cover ground extremely quickly.
You need to consume almost no food.


Message History

You miss the leopard gecko.
You feel sick.
You are no longer poisoned.
The leopard gecko barely misses you. The orc closely misses you.
You hit the leopard gecko.
The leopard gecko is moderately wounded.
The leopard gecko misses you.
You miss the leopard gecko.
The leopard gecko is moderately wounded.
The orc completely misses you. The leopard gecko bites you.
You miss the leopard gecko. The leopard gecko misses you. The orc misses you.
The leopard gecko completely misses you.
You hit the leopard gecko.
The leopard gecko is poisoned.
The leopard gecko is heavily wounded.
The orc completely misses you.
The leopard gecko bites you but does no damage.
You miss the leopard gecko.
The leopard gecko is severely wounded.
You kill the leopard gecko!
The orc hits you from afar with a +0 trident!
You die...

### #.. #.# #
##.### ... ....#
#....#####.#.# #
#.!....@)oZ.(# .#
#...######.###.###
. .$..............
.[.........##..##
............# .#
...........ol#
..............#
.....
............S.# ...
......
..............#....


You could see an orc and a hound zombie.

Vanquished Creatures
  Duvessa (D:4)
  Dowan (D:4)
  2 orc priests
  A worker ant (D:3)
  Robin (D:3)
  3 adders
  2 oozes
  3 worms
  4 leopard geckos
  6 orcs
  6 giant cockroaches
  16 goblins
  4 hobgoblins
  3 jackals (D:3)
  9 kobolds
  A quokka (D:3)
  12 bats
  4 frilled lizards
  11 rats
90 creatures vanquished.

Notes
Turn   | Place    | Note
-------+----------+-------------------------------------------
     0 | D:1      | MrRokkomies the Spriggan Venom Mage began the quest for the
                  | Orb.
     0 | D:1      | Reached XP level 1. HP: 9/9 MP: 5/5
   273 | D:1      | Reached XP level 2. HP: 8/13 MP: 4/6
   926 | D:1      | Reached XP level 3. HP: 16/16 MP: 8/8
  1181 | D:2      | Learned a level 2 spell: Poisonous Vapours
  1185 | D:2      | Learned a level 3 spell: Mephitic Cloud
  1721 | D:2      | Reached XP level 4. HP: 21/21 MP: 9/9
  1852 | D:3      | Reached skill level 4 in Stealth
  1852 | D:3      | Reached skill level 1 in Air Magic
  2199 | D:3      | Noticed Robin
  2242 | D:3      | Killed Robin
  2648 | D:3      | Reached XP level 5. HP: 4/24 MP: 6/10
  3440 | D:4      | Noticed Dowan
  3489 | D:4      | Noticed Duvessa
  3518 | D:4      | Killed Dowan
  3548 | D:4      | Killed Duvessa
  3548 | D:4      | Reached skill level 5 in Stealth
  3548 | D:4      | Reached XP level 6. HP: 26/28 MP: 1/11
  3582 | D:4      | Slain by an orc

Levels and vault maps discovered:
D:1:      moated_graveyard_arrival, layout_loops_cross, feat_on_display
D:2:      layout_rooms
D:3:      layout_basic, uniq_robin
D:4:      layout_basic, serial_shops, shop, first_ration, uniq_duvessa

Skill      XL: |  1  2  3  4  5 |
---------------+----------------+-----
Transmutations | 2 3 |  3.0
Stealth        | 4 5 |  5.2
Air Magic      | 1 2 |  2.9
Poison Magic   | 4 |  4.7
Dodging        | 4 |  4.7
Spellcasting   | |  2.6

Action                   |  1- 3 |  4- 6 || total
-------------------------+-------+-------++-------
Melee: Whip              |     8 |       ||     8
       Unarmed           |     1 |       ||     1
       Dagger            |   114 |   103 ||   217
Throw: Dart              |       |     6 ||     6
       Throwing net      |       |     1 ||     1
 Cast: Sting             |    31 |    20 ||    51
       Poisonous Vapours |       |    17 ||    17
  Use: Scroll            |       |     7 ||     7
       Potion            |       |     1 ||     1
 Stab: Sleeping          |    14 |     5 ||    19
  Eat: Ration            |       |     1 ||     1
Armor: Robe              |    15 |    14 ||    29
Dodge: Dodged            |   109 |   100 ||   209

Table legend:
 A = Non-vault XP
 B = Vault XP
 C = Vault XP percentage of total XP
 D = Non-vault monster count
 E = Vault monster count
 F = Vault count percentage of total count
                 A         B        C        D         E       F
            +---------+---------+-------+---------+---------+-------
      Total |     298 |     257 |  46.3 |      77 |      13 |  14.4
            +---------+---------+-------+---------+---------+-------
        D:1 |      47 |       0 |   0.0 |      26 |       0 |   0.0
        D:2 |      53 |       0 |   0.0 |      22 |       0 |   0.0
        D:3 |     115 |      34 |  22.8 |      20 |      11 |  35.5
        D:4 |      83 |     223 |  72.9 |       9 |       2 |  18.2
            +---------+---------+-------+---------+---------+-------
